 Dungeon Crawl Stone Soup version 0.30-a0-626-gd6a5dd7a1f (webtiles) character file.

Game seed: 5826491752486417622

4558 Armakuni the Fighter (level 10, -2/68 HPs)
             Began as a Deep Elf Artificer on Jan 11, 2023.
             Slain by Erica
             ... wielding a +4 scimitar of flaming
              (4 damage)
             ... on level 8 of the Dungeon.
             The game lasted 00:25:38 (8847 turns).

Armakuni the Fighter (Deep Elf Artificer)           Turns: 8847, Time: 00:25:39

Health: -2/68      AC: 12    Str: 19    XL:     10   Next: 18%
Magic:  0/12       EV: 15    Int: 17    God:
Gold:   383        SH:  0    Dex: 15    Spells: 4/9 levels left

rFire   . . .      SeeInvis .    a - +0 quarterstaff (flame)
rCold   + . .      Faith    .    (shield currently unavailable)
rNeg    . . .      Spirit   +    y - +3 leather armour {rC+}
rPois   .          Reflect  .    f - +1 helmet
rElec   .          Harm     .    r - +0 cloak
rCorr   .          Rampage  .    (no gloves)
Will    ++...                    d - +2 pair of boots
Stlth   ++                       G - amulet of guardian spirit
HPRegen 0.31/turn                V - +6 ring of strength
MPRegen 0.13/turn                W - ring of willpower

@: no status effects
A: no striking features
a: no special abilities


You were on level 8 of the Dungeon.
You visited 2 branches of the dungeon, and saw 9 of its levels.
You also visited: Ossuary.

You collected 427 gold pieces.
You spent 44 gold pieces at shops.

Inventory:

Hand Weapons
 a - a +0 quarterstaff of flaming (weapon)
 b - a +0 sling
 c - a +3 heavy dire flail
Armour
 d - a +2 pair of boots (worn)
 f - a +1 helmet (worn)
 r - a +0 cloak (worn)
 y - a +3 leather armour of cold resistance (worn)
Jewellery
 G - an amulet of guardian spirit (around neck)
 V - a +6 ring of strength (left hand)
 W - a ring of willpower (right hand)
Wands
 k - a wand of digging (3)
 p - a wand of polymorph (10)
Scrolls
 e - 2 scrolls of fog
 h - a scroll of acquirement {unknown}
 i - 4 scrolls of fear
 j - a scroll of enchant armour
 l - a scroll of vulnerability
 n - 2 scrolls of noise
 s - 2 scrolls of teleportation
 v - a scroll of brand weapon
 H - a scroll of amnesia
Potions
 g - 3 potions of haste
 m - a potion of lignification {unknown}
 o - 3 potions of flight
 q - 5 potions of mutation
 t - 4 potions of curing
 u - a potion of ambrosia {unknown}
 w - a potion of berserk rage {unknown}
 x - 4 potions of cancellation {unknown}
 z - 3 potions of brilliance {unknown}


   Skills:
 - Level 10.0 Fighting
 - Level 5.0 Staves
 - Level 2.0 Armour
 + Level 6.9 Dodging
 - Level 1.2 Stealth
 - Level 6.0 Hexes
 - Level 3.2 Evocations


You had 4 spell levels left.
You knew the following spells:

 Your Spells              Type           Power      Damage    Failure   Level
b - Blink                 Tloc           0%         N/A       38%         2
c - Confusing Touch       Hex            20%        N/A       7%          3

Your spell library contained the following spells:

 Spells                   Type           Power      Damage    Failure   Level
 Dazzling Flash           Conj/Hex       20%        N/A       24%         3
 Kiss of Death            Conj/Necr      0%         2d5       28%         1
 Magic Dart               Conj           0%         1d3       28%         1
 Call Imp                 Summ           0%         N/A       38%         2
 Cigotuvi's Dreadful Rot  Necr/Pois/Air  0%         N/A       38%         2
 Poisonous Vapours        Pois/Air       0%         N/A       38%         2
 Ignite Poison            Fire/Tmut/Pois 0%         N/A       63%         3
 Mephitic Cloud           Conj/Pois/Air  0%         N/A       63%         3
 Dispel Undead            Necr           0%         3d6       95%         4
 Manifold Assault         Tloc           0%         N/A       95%         4
 Sticky Flame             Conj/Fire      0%         2d3       95%         4
 Silence                  Hex/Air        5%         N/A       92%         5
 Agony                    Necr           0%         N/A       100%        5
 Storm Form               Tmut/Air       0%         N/A       100%        7
 Ignition                 Fire           0%         3d3       100%        8


Dungeon Overview and Level Annotations

Branches:
Dungeon (8/15)             Temple (1/1) D:7         Ossuary (visited)
   Lair: D:8-11

Altars:
Ashenzari
Cheibriados
Dithmenos
Elyvilon
Kikubaaqudgha
Makhleb
Nemelex Xobeh
Qazlal
Ru
Trog
Uskayaw
Vehumet
Wu Jian
Xom
Zin
The Shining One

Shops:
D:1 :   D:3 !   D:5 (   D:7 (

Annotations:
D:8 Erica


Message History

You hit something but do no damage. Something hits you. Something burns you.
Something hits you but does no damage.
You barely miss something. Something hits you but does no damage.
You hit something but do no damage. Something hits you. Something burns you.
You barely miss something. Something hits you but does no damage.
You barely miss something. You barely miss something. You sock something!
You burn something. Something hits you! Something burns you.
You hit something but do no damage. You sock something! You burn something.
Something laughs crazily.
Something hits you but does no damage.
Something mumbles something.
Something hits you! Something burns you.
You barely miss something. You hit something. You burn something.
Something hits you! Something burns you.
You closely miss something.
You hear some strange, mumbled words.
A bolt of poison appears from out of thin air!
The bolt of poison misses you.
You hit something. Something hits you!
* * * LOW HITPOINT WARNING * * *
Something burns you.
* * * LOW HITPOINT WARNING * * *
You miss something.
You hear some strange, mumbled words.
A bolt of poison appears from out of thin air!
The bolt of poison misses you.
You sock something! You burn something.
You hear some strange, mumbled words.
Something tries to affect you, but you resist.
You hit something. Something hits you!
* * * LOW HITPOINT WARNING * * *
Something burns you.
* * * LOW HITPOINT WARNING * * *
You barely miss something. Something hits you!
* * * LOW HITPOINT WARNING * * *
Something burns you.
You die...

.. #........ .. #############. ..
#####...#####...## ..
#.......#...#...#. ..
#.......#...#...#. ..
#.......#...#...#.
..##############....###.....###..
.............##....#.............
................@..#.............
.............##.{..#.............
#............######.....###.....#
#............# #.......#...#...#.
#............# #.......#...#...#.
....########## #.......#...#...#.
≈.≈.. ##....###.....###.. ..≈.
#....#.............
#....#.............


There were no monsters in sight!

Vanquished Creatures
  A cyclops (D:7)
  Grinder (D:4)
  Sigmund (D:5)
  A wraith (D:7)
  2 yaks (D:6)
  Grum (D:8)
  A steam dragon (D:6)
  Menkaure (D:5)
  2 water moccasins
  An orc warrior (D:8)
  An ice beast (D:7)
  A black bear (D:6)
  3 ogres
  2 wolves (D:7)
  4 centaurs
  2 kobold brigands (D:7)
  A bullfrog (D:7)
  A gnoll sergeant (D:7)
  4 scorpions
  2 necrophages
  3 water moccasin zombies (Ossuary)
  4 wights (D:7)
  Dowan (D:6)
  3 howler monkeys
  4 hounds
  A gnoll bouda (D:7)
  An orc priest (D:7)
  An iguana (D:5)
  Ijyb (D:5)
  4 orc wizards
  A mummy (Ossuary)
  5 adders
  2 river rats (D:5)
  A shadow imp (D:6)
  A white imp (D:7)
  An ufetubus (D:6)
  3 adder zombies (Ossuary)
  3 worms
  A dart slug (D:5)
  12 orcs
  8 ball pythons
  4 endoplasms
  5 giant cockroaches
  11 goblins
  10 hobgoblins
  A jackal (D:3)
  5 quokkas
  3 bats
  A frilled lizard (D:3)
  A gnoll zombie (Ossuary)
  7 hobgoblin zombies (Ossuary)
  19 kobolds
  2 kobold zombies (Ossuary)
  6 orc zombies (Ossuary)
  7 rats
176 creatures vanquished.

Vanquished Creatures (collateral kills)
  A yak (D:6)
  An adder (D:3)
  An endoplasm (D:3)
  A giant cockroach (D:5)
  2 rats (D:5)
6 creatures vanquished.

Vanquished Creatures (others)
  2 yaks (D:6)
  An orc wizard (D:6)
  A mummy (Ossuary)
  An orc (D:3)
5 creatures vanquished.

Grand Total: 187 creatures vanquished

Notes
Turn   | Place    | Note
-------+----------+-------------------------------------------
     0 | D:1      | Armakuni the Deep Elf Artificer began the quest for the
                  | Orb.
     0 | D:1      | Reached XP level 1. HP: 11/11 MP: 3/3
    52 | D:1      | Reached skill level 1 in Fighting
   152 | D:1      | Reached XP level 2. HP: 12/17 MP: 4/4
   218 | D:1      | Reached skill level 2 in Fighting
   383 | D:1      | Found Ladgheh's Vocational Training.
   673 | D:2      | Reached XP level 3. HP: 20/22 MP: 5/5
  1433 | D:3      | Reached skill level 3 in Fighting
  1559 | D:3      | Found Uxihat's Distillery.
  1616 | D:3      | Reached XP level 4. HP: 11/28 MP: 6/6
  1950 | D:3      | Learned a level 3 spell: Confusing Touch
  2200 | D:3      | Reached skill level 1 in Hexes
  2253 | D:3      | Reached XP level 5. HP: 27/33 MP: 7/7
  2397 | D:3      | Bought a potion of degeneration for 11 gold pieces
  2400 | D:3      | Bought a potion of attraction for 33 gold pieces
  2620 | D:4      | Noticed Grinder
  2625 | D:4      | Killed Grinder
  2626 | D:4      | Reached skill level 4 in Fighting
  2626 | D:4      | Reached XP level 6. HP: 39/39 MP: 8/8
  2628 | D:4      | Found a white marble altar of Elyvilon.
  2995 | D:5      | Entered Level 5 of the Dungeon
  2998 | D:5      | Found a sand-covered staircase.
  3003 | Ossuary  | Entered an ossuary
  3033 | Ossuary  | Reached skill level 1 in Staves
  3196 | Ossuary  | Reached skill level 5 in Hexes
  3235 | Ossuary  | Reached XP level 7. HP: 23/44 MP: 4/9
  3485 | D:5      | Noticed Menkaure
  3487 | D:5      | Noticed Sigmund
  3490 | D:5      | Killed Menkaure
  3491 | D:5      | Killed Sigmund
  3678 | D:5      | You fall into a shaft and drop 1 floor!
  3695 | D:6      | Reached skill level 5 in Staves
  3695 | D:6      | Reached skill level 1 in Armour
  3695 | D:6      | Reached XP level 8. HP: 30/48 MP: 7/10
  4000 | D:5      | Reached skill level 5 in Fighting
  4016 | D:5      | Noticed Ijyb
  4028 | D:5      | Killed Ijyb
  4159 | D:5      | Found Mati's Antique Weapon Shop.
  4738 | D:6      | Found a sacrificial altar of Ru.
  4904 | D:6      | Noticed Duvessa
  4904 | D:6      | Noticed Dowan
  4914 | D:6      | Killed Dowan
  5082 | D:6      | Reached skill level 6 in Fighting
  5101 | D:6      | Reached skill level 7 in Fighting
  5140 | D:6      | Duvessa changed into Duvessa the worm
  5140 | D:6      | Noticed Duvessa
  5141 | D:6      | Killed Duvessa the worm
  5253 | D:6      | Found an ancient bone altar of Kikubaaqudgha.
  5439 | D:6      | Reached XP level 9. HP: 22/57 MP: 0/11
  5707 | D:6      | Noticed Edmund
  5708 | D:6      | Edmund changed into Edmund the water moccasin
  5708 | D:6      | Noticed Edmund
  5715 | D:6      | Killed Edmund the water moccasin
  5716 | D:6      | Reached skill level 8 in Fighting
  6157 | D:7      | Found a staircase to the Ecumenical Temple.
  6202 | D:7      | Identified the +0 leather armour of Patterns {Will+ MP+9
                  | SInv}
  6227 | D:7      | Learned a level 2 spell: Blink
  6284 | Temple   | Entered the Ecumenical Temple
  6284 | Temple   | Found a transporter.
  6284 | Temple   | Found a transporter.
  6349 | Temple   | Found a transporter.
  6349 | Temple   | Found a transporter.
  6412 | D:7      | Noticed a cyclops
  6421 | D:7      | HP: 3/60 [something (2)]
  6806 | D:7      | Reached skill level 9 in Fighting
  7510 | D:7      | Found Ventoit's Weapon Boutique.
  7526 | D:7      | Reached skill level 10 in Fighting
  7758 | D:8      | Noticed Grum
  8063 | D:7      | Killed a cyclops
  8064 | D:7      | Reached skill level 5 in Dodging
  8064 | D:7      | Reached XP level 10. HP: 14/68 MP: 1/12
  8254 | D:8      | Killed Grum
  8797 | D:8      | Noticed Erica
  8847 | D:8      | HP: 2/68 [something (8)]
  8847 | D:8      | Slain by Erica

Illustrated notes

Levels and vault maps discovered:
D:1:      roderic_crossed_star, layout_rooms, nicolae_shop_vocational
D:2:      layout_loops_ring
D:3:      layout_rooms, serial_shops, nicolae_shop_waterfront,
          supply_closet_lemuel, minmay_increasing_density
D:4:      layout_rooms, nicolae_elyvilon_peaceful_grove, uniq_grinder
D:5:      layout_gridville, enter_ossuary_2, portal_sewer_entry_b, serial_shops,
          nicolae_lakefront_shop, chequers_garden, minmay_misc_feat_alley,
          kennysheep_generic_room_9, uniq_menkaure, uniq_sigmund, uniq_ijyb
D:6:      layout_basic, lemuel_crystal_altar, nicolae_ru_path_of_blood,
          uniq_duvessa, uniq_edmund
D:7:      layout_rooms, temple_statues, serial_shops,
          nicolae_shop_bloodbath_and_beyond, hangedman_minor_gate_pass
D:8:      nicolae_hitomezashi [nicolae_hito_row, nicolae_hito_row,
          nicolae_hito_row, nicolae_hito_row, nicolae_hito_row,
          nicolae_hito_row, nicolae_hito_row, nicolae_hito_row,
          nicolae_hito_row, nicolae_hito_row, nicolae_hito_row,
          nicolae_hito_row, nicolae_hito_row, nicolae_hito_row,
          nicolae_hito_row, nicolae_hito_row, nicolae_hito_row,
          nicolae_hito_row], layout_basic, mainiacjoe_overflow_large_starburst,
          gammafunk_temple_overflow_claw, enter_bailey_3, grunt_ministairs_1,
          uniq_psyche, uniq_erica, uniq_grum
Temple:   hellmonk_temple_divided_pantheon

Skill      XL: |  1  2  3  4  5  6  7  8  9 10 |
---------------+-------------------------------+-----
Fighting       | 1 2 3 4 7 10 | 10.0
Hexes          | 1 3 5 6 |  6.0
Staves         | 2 5 |  5.0
Armour         | 1 2 |  2.0
Dodging        | 5 6 |  6.9
Stealth        | |  1.2
Evocations     | |  3.2

Action                   |  1- 3 |  4- 6 |  7- 9 | 10-12 || total
-------------------------+-------+-------+-------+-------++-------
Melee: Whip              |    27 |       |       |       ||    27
       Club              |     3 |       |       |       ||     3
       Dagger            |    79 |   132 |       |       ||   211
       Punch             |     1 |       |       |       ||     1
       Quarterstaff      |       |    92 |   380 |    70 ||   542
       Unarmed           |       |       |     3 |       ||     3
 Cast: Confusing Touch   |       |       |     5 |     2 ||     7
Evoke: Wand              |    19 |     7 |    21 |     1 ||    48
  Use: Scroll            |     8 |     5 |     8 |       ||    21
       Potion            |       |       |     7 |       ||     7
 Stab: Sleeping          |     1 |     4 |       |       ||     5
       Confused          |       |       |     3 |     1 ||     4
Armor: Leather armour    |    31 |    70 |   138 |    22 ||   261
       Ring mail         |       |       |     6 |       ||     6
       Skin              |       |       |     4 |       ||     4
Dodge: Dodged            |    83 |   144 |   228 |    37 ||   492

Table legend: (Time is in decaauts)
 A = Elapsed time spent in this place.
 B = Non-inter-level travel time spent in this place.
 C = Inter-level travel time spent in this place.
 D = Time resting spent in this place.
 E = Time spent auto-exploring this place.
 F = Levels seen in this place.
 G = Mean time per level.
                   A        B        C        D        E       F      G
               +--------+--------+--------+--------+--------+-----+--------+
         Total |   8877 |   8646 |    231 |   1860 |   4268 |  10 |  887.7 |
       Dungeon |   8298 |   8067 |    231 |   1744 |   4037 |   8 | 1037.2 |
        Temple |    109 |    109 |      0 |      7 |     61 |   1 |  109.0 |
       Ossuary |    469 |    469 |      0 |    109 |    170 |   1 |  469.0 |
               +--------+--------+--------+--------+--------+-----+--------+

Top non-repeatable levels by time:
     D:6: 1862 daAuts
     D:7: 1602 daAuts
     D:5: 1168 daAuts
     D:3: 1043 daAuts
     D:2: 819 daAuts
     D:8: 668 daAuts
     D:1: 651 daAuts
     D:4: 482 daAuts
 Ossuary: 469 daAuts
  Temple: 109 daAuts
